 Dungeon Crawl Stone Soup version 0.29-a0-284-gf9362112df (webtiles) character file.

Game seed: 11097146907143937154

8854 freelancePsychic the Cleaver (level 11, -12/101 HPs)
             Began as a Minotaur Chaos Knight on Mar 20, 2022.
             Was a Plaything of Xom.
             Killed from afar by an efreet (25 damage)
             ... with a bolt of fire
             ... on level 9 of the Dungeon.
             The game lasted 00:18:42 (10423 turns).

freelancePsychic the Cleaver (MiCK)                Turns: 10423, Time: 00:18:43

Health: -12/101    AC: 10    Str: 16 (19) XL:     11   Next: 15%
Magic:  10/10      EV: 14    Int:  7 (9)  God:    Xom [*.....]
Gold:   613        SH:  0    Dex: 11 (12) Spells: 10/10 levels left

rFire   . . .      SeeInvis +   l - +8 hand axe of Death {speed, rC+ Dex+2 SInv}
rCold   + + .      Faith    .   (no shield)
rNeg    . . .      Spirit   .   e - +2 ring mail {rC+}
rPois   .          Reflect  .   (helmet restricted)
rElec   .          Harm     .   i - +2 cloak
rCorr   .          Rampage  .   q - +0 pair of gloves
Will    +....                   (no boots)
Stlth   +.........              (no amulet)
HPRegen 0.26/turn               v - +4 ring of evasion
MPRegen 0.12/turn               (no ring)

@: no status effects
A: horns 2, retaliatory headbutt, deformed body, deterioration 1, dopey 1,
strong-willed 1, sense surroundings 1, screaming 1, wild magic 1, MP-powered
wands
a: Renounce Religion


You were on level 9 of the Dungeon.
You worshipped Xom.
You were a special plaything of Xom.
You visited 1 branch of the dungeon, and saw 9 of its levels.
You visited the Abyss 1 time.

You collected 982 gold pieces.
You spent 369 gold pieces at shops.

Inventory:

Hand Weapons
 l - the +8 hand axe of Death (weapon) {speed, rC+ Dex+2 SInv}
   (You found it on level 3 of the Dungeon)

   Attacks with this weapon are significantly faster.
   Dex:       It affects your dexterity (+2).
   rC:        It protects you from cold.
   SInv:      It lets you see invisible.
Missiles
 C - 2 throwing nets
Armour
 b - a +2 leather armour
 e - a +2 ring mail of cold resistance (worn)
 i - a +2 cloak (worn)
 q - a +0 pair of gloves (worn)
 y - a +0 kite shield
Jewellery
 v - a +4 ring of evasion (left hand)
 K - a ring of ice
Wands
 p - a wand of flame (22)
 B - a wand of iceblast (14)
 G - a wand of digging (2)
 J - a wand of paralysis (5)
Scrolls
 a - a scroll of blinking
 d - 3 scrolls of noise
 f - a scroll of fog
 g - 5 scrolls of teleportation {@r4}
 h - 2 scrolls of magic mapping
 m - a scroll of holy word
 n - 2 scrolls of summoning
 o - 3 scrolls of identify {@r1}
 s - 2 scrolls of enchant weapon
 u - 2 scrolls of torment
 w - a scroll of acquirement
 A - a scroll of fear {unknown}
 E - 3 scrolls of enchant armour
 F - a scroll of vulnerability {unknown}
 I - a scroll of immolation {unknown}
Potions
 j - 3 potions of might
 k - 3 potions of degeneration
 r - 2 potions of attraction {unknown}
 t - a potion of mutation {unknown}
 x - a potion of flight {unknown}
 z - 2 potions of lignification {unknown}
 D - 3 potions of cancellation {unknown}
 H - a potion of heal wounds {unknown}
Miscellaneous
 c - a piece from Xom's chessboard (15/15) (quivered)


   Skills:
 + Level 10.7 Fighting
 - Level 14.0 Axes
 - Level 4.9 Armour
 - Level 1.1 Dodging
 + Level 7.9 Shields
 * Level 3.7 Transmutations
 * Level 3.6 Earth Magic


You had 10 spell levels left.
You didn't know any spells.
Your spell library contained the following spells:

 Spells                   Type           Power      Damage    Failure   Level
 Slow                     Hex            0%         N/A       71%         1
 Summon Small Mammal      Summ           0%         N/A       71%         1
 Stone Arrow              Conj/Erth      6%         3d7       82%         3
 Petrify                  Tmut/Erth      6%         N/A       92%         4
 Call Canine Familiar     Summ           0%         N/A       96%         3
 Confusing Touch          Hex            0%         N/A       96%         3
 Summon Guardian Golem    Hex/Summ       0%         N/A       96%         3
 Tukima's Dance           Hex            0%         N/A       96%         3
 Vampiric Draining        Necr           0%         2d6       96%         3
 Animate Armour           Summ/Erth      6%         N/A       99%         4
 Passage of Golubria      Tloc           0%         N/A       100%        4
 Metabolic Englaciation   Hex/Ice        0%         N/A       100%        5
 Yara's Violent Unravell  Hex/Tmut       1%         3d3       100%        5
 Statue Form              Tmut/Erth      4%         N/A       100%        6
 Lehudib's Crystal Spear  Conj/Erth      1%         10d2      100%        8


Dungeon Overview and Level Annotations

Branches:
Dungeon (9/15)             Temple (0/1) D:6
   Lair: D:8-11         Orc: D:9-12

Altars:
Ashenzari
Dithmenos
Elyvilon
Gozag
Sif Muna
Xom

Shops:
D:1 ?   D:4 ?   D:7 *


Innate Abilities, Weirdness & Mutations

You have a pair of horns on your head.
You reflexively headbutt those who attack you in melee.
Armour fits poorly on your strangely shaped body.
Your body sometimes deteriorates upon taking damage.
You are dopey. (Int -2)
You are strong-willed. (Will+)
You passively map a small area around you.
You occasionally shout uncontrollably at your foes.
Your spells are a little harder to cast, but a little more powerful.
You expend magic power (3 MP) to strengthen your wands.


Message History

The helpless vampire mosquito fails to defend itself.
You slash the vampire mosquito! You headbutt the vampire mosquito.
The vampire mosquito is heavily damaged.
The helpless vampire mosquito fails to defend itself.
You slash the vampire mosquito!
You destroy the vampire mosquito!
There is an open door here.
You start resting.
Magic restored.
You start resting.
HP restored.
Things that are here:
a +0 ring mail; 3 boomerangs; a +0 flail Xom asks Qazlal to spice things up a little.
The efreet gestures at you. The bolt of fire misses you.
The efreet gestures at you. The bolt of fire hits you!
The efreet gestures at you. The bolt of fire hits you!!
You hit the efreet but do no damage.
The efreet hits you with a +4 scimitar of flaming!!
The efreet burns you!
You hit the efreet.
The efreet is lightly wounded.
You hit the efreet. You headbutt the efreet!
The efreet is moderately wounded.
The efreet gestures at you. The bolt of fire hits you!!
* * * LOW HITPOINT WARNING * * *
You hit the efreet. You headbutt the efreet.
The efreet is heavily wounded.
You hit the efreet. You headbutt the efreet.
The efreet is severely wounded.
You barely miss the efreet.
The efreet is severely wounded.
The efreet gestures at you. The bolt of fire hits you!!
You die...
Xom bursts into laughter!

.........##..####........#.#.#.#
..8.....8##......#####...#.#...#
.....######.[....#...#...#.#...#
#....######......#...#...#.#.#.#
'................#...#...#.#...#
#................#...#...#.#...#
#......[........°#...#...###.#.#
#...#'#######...R#...#...# #...#
#...#.......#...@#...#...# #...#
#...)[......#........#...# #...#
#...#.[.....#......[.#...# #...#
#...#[......#....§)..#...# #...#
#.#.#.......#.....[..#...# #...#
#.#.+[......'....8...'...# #...#
#.#.#)......#.......>#...# #.#.#
#.#<#.......#....8...#...# #.#.#
,#.#.......#........#...# #.#.#


You could see an efreet.

Vanquished Creatures
  Erica (D:8)
  A tengu warrior (D:9)
  A skeletal warrior (D:9)
  A harpy (D:8)
  Psyche (D:8)
  A kobold demonologist (D:6)
  2 trolls (D:9)
  A hornet (D:7)
  Prince Ribbit (D:8)
  10 yaks
  A wyvern (D:7)
  3 steam dragons
  A vampire mosquito (D:9)
  An acid dragon (D:9)
  2 orc warriors
  A black bear (D:5)
  4 sky beasts
  A black bear (shapeshifter) (D:2)
  An ogre (D:5)
  2 centaurs
  5 bullfrogs
  A gnoll sergeant (D:5)
  A scorpion (D:6)
  3 necrophages
  A wight (D:9)
  10 killer bees
  2 howler monkeys
  2 hounds
  3 jellies
  An orc priest (D:6)
  Jessica (D:2)
  Natasha (twice) (D:2 D:1)
  5 orc wizards
  Robin (D:4)
  9 gnolls
  8 adders
  4 shadow imps
  2 ufetubi (D:5)
  A worm (D:2)
  4 dart slugs
  25 orcs
  9 ball pythons
  4 endoplasms
  3 giant cockroaches
  7 hobgoblins
  2 jackals (D:1)
  A quokka (D:3)
  8 bats
  3 frilled lizards
  13 goblins
  3 kobolds
  12 rats
193 creatures vanquished.

Vanquished Creatures (collateral kills)
  4 wights (D:9)
  An orc priest (D:9)
  An orc wizard (D:9)
6 creatures vanquished.

Vanquished Creatures (others)
  A wolf (D:2)
  4 plants (D:9)
  A withered plant (D:1)
6 creatures vanquished.

Grand Total: 205 creatures vanquished

Notes
Turn   | Place    | Note
-------+----------+-------------------------------------------
     0 | D:1      | freelancePsychic the Minotaur Chaos Knight began the quest
                  | for the Orb.
     0 | D:1      | Reached XP level 1. HP: 19/19 MP: 0/0
     2 | D:1      | Noticed a felid
     4 | D:1      | Noticed a dwarf
     4 | D:1      | Noticed a demonspawn
     6 | D:1      | Noticed a naga
     8 | D:1      | Noticed a vampire
     8 | D:1      | Noticed a gargoyle
    12 | D:1      | Noticed a minotaur
    12 | D:1      | Noticed a troll
    14 | D:1      | Noticed a spriggan
    14 | D:1      | Noticed a formicid
    16 | D:1      | Noticed a demigod
    16 | D:1      | Noticed a vine stalker
    18 | D:1      | Noticed a tengu
    18 | D:1      | Noticed a draconian
    20 | D:1      | Noticed a human
    20 | D:1      | Noticed a merfolk
    22 | D:1      | Noticed an elf
    24 | D:1      | Noticed an octopode
    24 | D:1      | Noticed an ogre
    26 | D:1      | Noticed a ghoul
   142 | D:1      | Reached skill level 4 in Axes
   171 | D:1      | Reached XP level 2. HP: 23/27 MP: 1/1
   326 | D:1      | XOM: divination: detect creatures
   465 | D:1      | XOM: 3-stop teleportation journey
   540 | D:1      | Found Valap's Magic Scroll Boutique.
   548 | D:1      | Bought a scroll of identify for 26 gold pieces
   578 | D:1      | Found a faded altar of an unknown god.
   654 | D:2      | Noticed Natasha
   657 | D:2      | Noticed a crimson imp
   660 | D:2      | Reached XP level 3. HP: 26/33 MP: 2/2
   755 | D:2      | Reached skill level 5 in Axes
   895 | D:2      | Noticed Jessica
   902 | D:2      | Killed Jessica
   903 | D:2      | Reached XP level 4. HP: 31/41 MP: 3/3
   974 | D:2      | Noticed a wolf
   974 | D:2      | a worm changed into a wolf
   974 | D:2      | XOM: polymorph worm -> wolf
   980 | D:2      | Killed a wolf
   980 | D:2      | XOM: divine lightning
  1121 | D:2      | Killed Natasha
  1122 | D:2      | Reached skill level 5 in Fighting
  1122 | D:2      | Reached skill level 6 in Axes
  1122 | D:2      | Reached XP level 5. HP: 48/48 MP: 4/4
  1180 | D:2      | Noticed a shapeshifter
  1180 | D:2      | a hobgoblin changed into a shapeshifter
  1180 | D:2      | Noticed a hog
  1180 | D:2      | a shapeshifter changed into a hog
  1186 | D:2      | Noticed a black bear
  1186 | D:2      | a hog changed into a black bear
  1188 | D:2      | Killed a black bear
  1217 | D:2      | XOM: god gift: 433 gold pieces
  1276 | D:1      | Bought a scroll of holy word for 97 gold pieces
  1276 | D:1      | Bought a scroll of teleportation for 39 gold pieces
  1276 | D:1      | Bought a scroll of summoning for 123 gold pieces
  1276 | D:1      | Bought a scroll of teleportation for 39 gold pieces
  1276 | D:1      | Bought a scroll of magic mapping for 45 gold pieces
  1508 | D:2      | Noticed Natasha
  1525 | D:1      | Killed Natasha
  1526 | D:1      | Reached skill level 7 in Axes
  1526 | D:1      | Reached XP level 6. HP: 28/56 MP: 5/5
  1581 | D:2      | XOM: 1-stop teleportation journey
  1943 | D:3      | XOM: god gift: 37 gold pieces
  2039 | D:3      | Identified the +8 hand axe of Death {speed, rC+ Dex+2 SInv}
  2721 | D:4      | XOM: give mutations
  2721 | D:4      | Gained mutation: Your body sometimes deteriorates upon
                  | taking damage. [Xom's mischief]
  2721 | D:4      | Gained mutation: Armour fits poorly on your strangely
                  | shaped body. [Xom's mischief]
  2721 | D:4      | Gained mutation: You are dopey. (Int -2) [Xom's mischief]
  2721 | D:4      | Gained mutation: You are strong-willed. (Will+) [Xom's
                  | mischief]
  2773 | D:4      | Found Mamyab's Magic Scroll Boutique.
  3038 | D:4      | Noticed Robin
  3047 | D:4      | Killed Robin
  3270 | D:4      | Found a broken altar of Ashenzari.
  3614 | D:4      | XOM: polymorph kobold -> ball python
  3997 | D:5      | Entered Level 5 of the Dungeon
  4120 | D:5      | Reached XP level 7. HP: 17/63 MP: 6/6
  4143 | D:5      | Reached skill level 8 in Axes
  4436 | D:5      | Identified a scroll of acquirement
  4463 | D:5      | XOM: 2-stop teleportation journey
  4514 | D:5      | Reached skill level 9 in Axes
  4629 | D:5      | Reached XP level 8. HP: 46/71 MP: 7/7
  4827 | D:5      | XOM: give mutation
  4827 | D:5      | Gained mutation: You passively map a small area around you.
                  | [Xom's grace]
  4872 | D:5      | XOM: give mutations
  4872 | D:5      | Gained mutation: You expend magic power (3 MP) to
                  | strengthen your wands. [Xom's grace]
  4872 | D:5      | Gained mutation: Your spells are a little harder to cast,
                  | but a little more powerful. [Xom's grace]
  4925 | D:6      | Noticed a kobold demonologist
  4927 | D:6      | Noticed a hellwing
  4962 | D:6      | XOM: summons 3 friendly demons
  4973 | D:6      | Killed a kobold demonologist
  4974 | D:6      | Reached skill level 10 in Axes
  4974 | D:6      | Reached skill level 1 in Shields
  5010 | D:6      | XOM: swap monsters
  5198 | D:6      | Found a white marble altar of Elyvilon.
  5198 | D:6      | Found a shimmering altar of Xom.
  5271 | D:6      | Found a staircase to the Ecumenical Temple.
  5362 | D:6      | Found an opulent altar of Gozag.
  5459 | D:6      | Reached skill level 11 in Axes
  5560 | D:6      | Reached XP level 9. HP: 81/81 MP: 8/8
  5694 | D:7      | XOM: scenery: summon butterflies
  5733 | D:7      | XOM: 2-stop teleportation journey
  5775 | D:7      | XOM: 1-stop teleportation journey
  6078 | D:7      | Found a shimmering blue altar of Sif Muna.
  6325 | D:7      | XOM: swap monsters
  6359 | D:7      | Found Riprog's Overcharged Wands.
  6412 | D:7      | Paralysed by a hornet for 3 turns
  6417 | D:7      | Reached skill level 12 in Axes
  6417 | D:7      | Reached skill level 5 in Shields
  6651 | D:7      | XOM: give mutation
  6651 | D:7      | Gained mutation: You are partially covered in iridescent
                  | scales. (AC +2) [Xom's grace]
  6818 | D:7      | XOM: give mutations
  6818 | D:7      | Gained mutation: You occasionally shout uncontrollably at
                  | your foes. [Xom's mischief]
  6818 | D:7      | Lost mutation: You are partially covered in iridescent
                  | scales. (AC +2) [Xom's mischief]
  7186 | D:8      | XOM: summons 5 hostile demons
  7197 | D:8      | XOM: chaos cloud
  7201 | D:8      | XOM: confusion (+ monsters)
  7203 | D:8      | Paralysed by you for 3 turns
  7208 | D:8      | Noticed a harpy
  7208 | D:8      | a yak changed into a harpy
  7220 | D:8      | Killed a harpy
  7458 | D:7      | XOM: torment (35/84 hp)
  7671 | D:8      | XOM: smoke on damage
  7674 | D:8      | Reached XP level 10. HP: 81/91 MP: 9/9
  7786 | D:8      | Reached skill level 13 in Axes
  7853 | D:8      | Noticed Erica
  7862 | D:8      | Killed Erica
  7954 | D:8      | Reached skill level 10 in Fighting
  7954 | D:8      | XOM: polymorph killer bee -> howler monkey
  8001 | D:8      | Found a shadowy altar of Dithmenos.
  8088 | D:8      | Noticed Psyche
  8102 | D:8      | Killed Psyche
  8103 | D:8      | Reached skill level 1 in Earth Magic
  8325 | D:8      | Noticed a skeletal warrior
  8325 | D:8      | Noticed a skeletal warrior
  8325 | D:8      | Noticed a skeletal warrior
  8403 | D:8      | Noticed Prince Ribbit
  8408 | D:8      | Killed Prince Ribbit
  8409 | D:8      | Reached skill level 1 in Transmutations
  8580 | D:8      | XOM: summons 9 friendly demons
  8638 | D:8      | XOM: fog
  8647 | D:8      | XOM: enchant monster (good)
  8663 | D:8      | XOM: god gift: chain mail {god gift}
  8680 | D:9      | Killed a skeletal warrior
  9023 | D:9      | XOM: enchant monster (bad)
  9032 | D:9      | Reached skill level 14 in Axes
  9037 | D:9      | XOM: enchant monster (bad)
  9039 | D:9      | XOM: god gift: glowing ring mail {god gift}
  9186 | D:9      | Noticed a tengu warrior
  9195 | D:9      | Killed a tengu warrior
  9196 | D:9      | Reached XP level 11. HP: 71/101 MP: 10/10
  9303 | D:9      | XOM: cloud trail
  9338 | D:9      | XOM: 1-stop teleportation journey
  9439 | D:9      | XOM: 1-stop teleportation journey
  9528 | D:9      | XOM: confuse monster(s)
  9619 | D:9      | Cast into level 2 of the Abyss (Xom)
  9674 | Abyss:2  | Noticed a bone dragon
  9676 | Abyss:2  | XOM: confusion (+ monsters)
  9694 | D:9      | Escaped the Abyss
 10017 | D:9      | Noticed a two-headed ogre
 10017 | D:9      | XOM: confusion
 10018 | D:9      | XOM: cleaving
 10414 | D:9      | XOM: chaos cloud
 10423 | D:9      | Killed from afar by an efreet

Illustrated notes

Levels and vault maps discovered:
D:1:      kb_arrival_jail, layout_rooms, shapermc_ecumenical_altar_flowoftime,
          serial_shops, nicolae_shop_trees, kennysheep_decorative_pillar
D:2:      layout_rooms, uniq_jessica, uniq_natasha
D:3:      layout_loops_cross
D:4:      layout_layer_cave, marbit_many_paths, skrybe_limestone_x,
          minmay_shop_grid_forest, ebering_dispersal_statue_hall,
          kennysheep_potato, uniq_robin
D:5:      layout_rooms
D:6:      layout_gridville, gammafunk_temple_overflow_elements,
          grunt_gozag_statues, minmay_temple_entry_wispy
D:7:      layout_cave_pods, kennysheep_little_box,
          nicolae_shop_overcharged_wands
D:8:      layout_basic, mainiacjoe_overflow_alcove_1, uniq_erica, uniq_psyche,
          uniq_prince_ribbit1
D:9:      layout_stronghold, serial_column_ruins, column_ruins_square_huge,
          column_ruins_columns_straight, column_ruins_columns_straight,
          column_ruins_grid_1, kennysheep_diamond, minmay_shattered_shrine

Skill      XL: |  1  2  3  4  5  6  7  8  9 10 |
---------------+-------------------------------+-----
Axes           | 4 5 6 7 9 11 12 14 | 14.0
Fighting       | 4 5 6 8 9 10 | 10.7
Armour         | 3 4 |  4.9
Shields        | 3 6 7 |  7.9
Earth Magic    | 3 |  3.6
Transmutations | 3 |  3.7
Dodging        | |  1.1

Action                   |  1- 3 |  4- 6 |  7- 9 | 10-12 || total
-------------------------+-------+-------+-------+-------++-------
Melee: Hand axe          |    63 |   132 |   178 |   165 ||   538
       Headbutt          |     7 |    10 |    29 |    42 ||    88
       Punch             |       |       |       |     3 ||     3
Evoke: Piece from Xom's  |       |       |     2 |       ||     2
       Wand              |       |       |       |     2 ||     2
  Use: Scroll            |       |     6 |     3 |     4 ||    13
       Potion            |       |     1 |       |     6 ||     7
 Stab: Paralysed         |       |       |       |     2 ||     2
       Confused          |       |       |       |     1 ||     1
Armor: Leather armour    |    22 |    23 |       |       ||    45
       Chain mail        |       |    20 |    52 |    20 ||    92
       Ring mail         |       |       |       |    16 ||    16
Dodge: Dodged            |    28 |    46 |    66 |    76 ||   216

Table legend: (Time is in decaauts)
 A = Elapsed time spent in this place.
 B = Non-inter-level travel time spent in this place.
 C = Inter-level travel time spent in this place.
 D = Time resting spent in this place.
 E = Time spent auto-exploring this place.
 F = Levels seen in this place.
 G = Mean time per level.
                   A        B        C        D        E       F      G
               +--------+--------+--------+--------+--------+-----+--------+
         Total |  10224 |   9600 |    624 |    981 |   7301 |  10 | 1022.4 |
       Dungeon |  10149 |   9525 |    624 |    981 |   7287 |   9 | 1127.7 |
         Abyss |     74 |     74 |      0 |      0 |     14 |   1 |   74.0 |
               +--------+--------+--------+--------+--------+-----+--------+

Top non-repeatable levels by time:
     D:7: 1942 daAuts
     D:9: 1616 daAuts
     D:4: 1282 daAuts
     D:1: 999 daAuts
     D:8: 989 daAuts
     D:5: 927 daAuts
     D:2: 871 daAuts
     D:3: 850 daAuts
     D:6: 671 daAuts
 Abyss:2: 74 daAuts
